 Dungeon Crawl Stone Soup version 0.29-b1-11-g2030932060 (webtiles) character file.

Game seed: 972938222065112642

83 yokelz the Insei (level 4, -7/32 HPs)
             Began as a Djinni Transmuter on Aug 23, 2022.
             Mangled by a gnoll
             ... wielding a +0 halberd
              (14 damage)
             ... on level 3 of the Dungeon.
             The game lasted 00:02:52 (3127 turns).

yokelz the Insei (Djinni Transmuter)                Turns: 3127, Time: 00:02:52

Health: -7/32      AC:  2    Str:  9    XL:     4   Next: 71%
Gold:   90         EV: 19    Int: 15    God:
                   SH:  0    Dex: 20

rFire   . . .      SeeInvis .     - Unarmed
rCold   . . .      Faith    .   (shield currently unavailable)
rNeg    . . .      Spirit   .   (body armour currently unavailable)
rPois   ∞          Reflect  .   (helmet currently unavailable)
rElec   .          Harm     .   (cloak currently unavailable)
rCorr   .          Rampage  .   (gloves currently unavailable)
Will    .....                   (boots unavailable)
Stlth   ++........              (no amulet)
HPRegen 0.10/turn               (no ring)
MPRegen 0.00/turn               (no ring)

@: spider-form, flying, very slightly contaminated
A: venomous fangs, flying, sickness immunity, tiny, (fire resistance 2), (cold
vulnerability 1), float, innate caster, HP casting, extra vitality 1
a: End Transformation


You were on level 3 of the Dungeon.
You were a venomous arachnid creature.
You visited 1 branch of the dungeon, and saw 3 of its levels.

You collected 90 gold pieces.

Inventory:

Hand Weapons
 f - a +2 dagger of flaming (melded)
Armour
 a - a +0 robe
 e - a +1 robe of willpower
 o - the +2 robe "Zimiras" (melded) {Int+5}
   (You found it on level 2 of the Dungeon)

   Int:       It affects your intelligence (+5).
Scrolls
 c - a scroll of magic mapping {unknown}
 d - 3 scrolls of amnesia {unknown}
 g - 2 scrolls of brand weapon {unknown}
 j - a scroll of summoning {unknown}
 k - 2 scrolls of teleportation {unknown}
 m - a scroll of noise {unknown}
 n - 3 scrolls of identify {unknown}
 p - a scroll of fog {unknown}
Potions
 b - a potion of lignification
 h - a potion of attraction {unknown}
 i - a potion of flight
 l - 2 potions of haste {unknown}


   Skills:
 - Level 1.0 Fighting
 - Level 2.1 Dodging
 + Level 4.7 Unarmed Combat
 + Level 2.1 Spellcasting


You couldn't memorise any spells.
You knew the following spells:

 Your Spells              Type           Power      Damage    Failure   Level
a - Beastly Appendage     Tmut           16%        N/A       22%         1
b - Wereblood             Tmut           8%         N/A       32%         2
c - Spider Form           Tmut/Pois      8%         N/A       47%         3
d - Ice Form              Ice/Tmut       8%         N/A       83%         4
e - Apportation           Tloc           16%        N/A       22%         1
Your spell library was empty.

Dungeon Overview and Level Annotations

Branches:
Dungeon (3/15)

Altars:


Innate Abilities, Weirdness & Mutations

You are a venomous arachnid creature.
You have poisonous fangs.
You are tiny and dextrous.
You are flying.
Your spellcasting is less reliable in this form.
Your armour is entirely melded.
You are incapable of wielding weapons or throwing items.
You are immune to sickness and miasma.
You are immune to poison.
((Your flesh is very heat resistant. (rF++)))
((You are vulnerable to cold. (rC-)))
You float through the air rather than walking.
You learn spells naturally, not from books.
Your magical power is your life essence.
You have superior vitality. (+4 MHP)


Message History

You are too injured to fight recklessly!
You are too injured to fight recklessly!
You are too injured to fight recklessly!
You are too injured to fight recklessly!
You are too injured to fight recklessly!
You are too injured to fight recklessly!
You are too injured to fight recklessly!
You are too injured to fight recklessly!
You are too injured to fight recklessly!
You are too injured to fight recklessly!
Unknown command.
The hobgoblin attacks as you move away! The hobgoblin hits you.
The gnoll attacks as you move away! The gnoll barely misses you.
The gnoll attacks as you move away! The gnoll misses you.
Casting: Spider Form (quite dangerous; 19% risk of failure)
Confirm with . or Enter, or press ? or * to list all spells.
The spell is quite dangerous to miscast (19% risk of failure)!
Continue anyway?
Okay, then.
Casting: Spider Form (quite dangerous; 19% risk of failure)
Confirm with . or Enter, or press ? or * to list all spells.
The spell is quite dangerous to miscast (19% risk of failure)!
Continue anyway?
You miscast Spider Form.
You are very lightly contaminated with residual magic.
Nothing appears to happen.
The gnoll hits you but does no damage.
Unknown command.
Casting: Spider Form (quite dangerous; 19% risk of failure)
Confirm with . or Enter, or press ? or * to list all spells.
The spell is quite dangerous to miscast (19% risk of failure)!
Continue anyway?
You turn into a venomous arachnid creature.
Your +2 dagger of flaming melds into your body.
The +2 robe "Zimiras" {Int+5} melds into your body.
Your +2 dagger of flaming stops flaming.
* * * LOW HITPOINT WARNING * * *
The gnoll closely misses you. The hobgoblin closely misses you.
It was a potion of flight.
You feel more buoyant. The gnoll barely misses you. The hobgoblin hits you.
* * * LOW HITPOINT WARNING * * *
The gnoll hits you from afar with a +0 halberd!
You die...

#.# #.#
####.#
...#....#
#..#..#.#
#..#..#.#
#g.#..#.#
##.##.##.#
#.g#.s#..#
#)g#gg#.##
#..#gg#.
#.....#
#######


You could see 3 gnolls and a hobgoblin.

Vanquished Creatures
  3 adders
  A worm (D:3)
  3 dart slugs
  An orc (D:3)
  2 endoplasms
  2 giant cockroaches
  3 goblins
  2 hobgoblins
  5 jackals
  3 quokkas (D:1)
  6 ball pythons
  6 bats
  4 frilled lizards
  3 kobolds (D:1)
  3 rats
47 creatures vanquished.

Vanquished Creatures (others)
  A plant (D:1)
1 creature vanquished.

Grand Total: 48 creatures vanquished

Notes
Turn   | Place    | Note
-------+----------+-------------------------------------------
     0 | D:1      | yokelz the Djinni Transmuter began the quest for the Orb.
     0 | D:1      | yokelz set off with the following spells memorised: Beastly
                  | Appendage, Wereblood, Spider Form, Ice Form.
     0 | D:1      | Reached XP level 1. HP: 17/17 MP: 0/0
   575 | D:1      | Reached XP level 2. HP: 17/22 MP: 0/0
   912 | D:1      | Reached skill level 4 in Unarmed Combat
   912 | D:1      | Reached XP level 3. HP: 21/27 MP: 0/0
   912 | D:1      | Learned a level 1 spell: Apportation
  2215 | D:2      | Reached XP level 4. HP: 17/32 MP: 0/0
  2493 | D:2      | Found a faded altar of an unknown god.
  2856 | D:2      | Identified the +2 robe "Zimiras" {Int+5}
  3127 | D:3      | Mangled by a gnoll

Illustrated notes

Levels and vault maps discovered:
D:1:      minmay_arrival_stair_chambers, layout_loops_ring, serial_forest,
          infiniplex_forest_fountain, infiniplex_forest_lined_3_way,
          infiniplex_forest_zigzag_1, infiniplex_forest_end_2,
          infiniplex_forest_lined_room_2, infiniplex_forest_diagonal,
          infiniplex_forest_clump_large, infiniplex_forest_lined_2
D:2:      layout_basic, hellmonk_ecumenical_altar_crossroads
D:3:      minmay_angry_zag, layout_basic, gammafunk_ghost_cemetery,
          grunt_decor_cap, serial_bayou_crossing

Skill      XL: |  1  2  3  4 |
---------------+-------------+-----
Unarmed Combat | 4 |  4.7
Spellcasting   | 2 |  2.1
Fighting       | |  1.0
Dodging        | |  2.1

Action                   |  1- 3 |  4- 6 || total
-------------------------+-------+-------++-------
Melee: Unarmed           |    27 |     7 ||    34
       Punch             |     3 |       ||     3
       Headbutt          |     1 |       ||     1
       Dagger            |    98 |    37 ||   135
 Cast: Beastly Appendage |     3 |       ||     3
       Spider Form       |       |     2 ||     2
  Use: Potion            |       |     1 ||     1
 Stab: Sleeping          |     1 |       ||     1
Armor: Robe              |    35 |    17 ||    52
Dodge: Dodged            |    76 |    33 ||   109
